 Dungeon Crawl Stone Soup version 0.21.1-1-g345015fe64 (webtiles) character file.

463207 Lavandula the Severer (level 23, 2/202 HPs)
             Began as a Centaur Berserker on June 17, 2018.
             Was the Champion of Makhleb.
             Quit the game on level 5 of the Vaults on June 18, 2018.
             The game lasted 03:56:14 (26372 turns).

Lavandula the Severer (Centaur Berserker)          Turns: 26372, Time: 03:56:15

Health: 2/202      AC: 37    Str: 24    XL:     23   Next: 11%
Magic:  7/38       EV:  6    Int:  5    God:    Makhleb [******]
Gold:   1435       SH:  5    Dex: 11    Spells: 10/45 levels left

rFire    + + .     SeeInvis .   v - +9 war axe of Earthquakes {flame, *Rage rElec rC+ rN++}
rCold    + + .     Gourm    .   V - +0 buckler
rNeg     + + .     Faith    .   S - +16 plate armour "Astroig" {rF+ rCorr Int-3}
rPois    .         Spirit   +   u - +2 hat
rElec    +         Reflect  .   x - scarf {Spirit}
rCorr    +         Harm     .   B - +2 pair of gloves
MR       +++..     Rnd*Rage +   F - +4 centaur barding
Stlth    ..........             j - amulet of regeneration
HPRegen  0.83/turn              y - ring of protection from fire
MPRegen  0.26/turn              J - ring of protection from magic

@: lethally poisoned (2 -> -126), corroded, very slightly contaminated, hasted
and slowed, deflect missiles, very quick
A: large, hooves 3, cold resistance 1, deformed body, speed 2, magic resistance
1, tough skin 3, weak 1
}: 3/15 runes: decaying, slimy, gossamer
a: Minor Destruction, Lesser Servant of Makhleb, Major Destruction, Greater
Servant of Makhleb, Renounce Religion


You were on level 5 of the Vaults.
You worshipped Makhleb.
Makhleb was exalted by your worship.
You were not hungry.

You visited 11 branches of the dungeon, and saw 46 of its levels.
You visited 1 ziggurat, and saw 11 of its levels.
You also visited: Labyrinth, Bailey and Ice Cave.

You collected 3660 gold pieces.
You spent 2225 gold pieces at shops.

Inventory:

Hand Weapons
 v - the +9 war axe of Earthquakes (weapon) {flame, *Rage rElec rC+ rN++}
   (You found it on level 1 of the Vaults)

   It has been specially enchanted to burn those struck by it, causing extra
   injury to most foes and up to half again as much damage against particularly
   susceptible opponents.
   Big, fiery blades are also staple armaments of hydra-hunters.
   It protects you from cold.
   It insulates you from electricity.
   It greatly protects you from negative energy.
   It may make you go berserk in combat.
 w - a +9 battleaxe of electrocution
Armour
 e - +2 fire dragon scales
 u - a +2 hat (worn)
 x - a scarf of spirit shield (worn)
 B - a +2 pair of gloves (worn)
 F - a +4 centaur barding (worn)
 S - the +16 plate armour "Astroig" (worn) {rF+ rCorr Int-3}
   (You found it in an ice cave)

   It affects your intelligence (-3).
   It protects you from fire.
   It protects you from acid and corrosion.
 U - +0 ice dragon scales
 V - a +0 buckler (worn)
Magical Staves
 i - an uncursed staff of wizardry
Jewellery
 b - an uncursed ring of resist corrosion
 j - an amulet of regeneration (around neck)
 o - an uncursed ring of see invisible
 q - an uncursed ring of wizardry
 y - a ring of protection from fire (left hand)
 J - a ring of protection from magic (right hand)
Wands
 A - a wand of enslavement (39)
 D - a wand of digging (13)
 L - a wand of clouds (13)
 O - a wand of disintegration (5)
 P - a wand of paralysis (36)
 Y - a wand of acid (13)
Scrolls
 d - 2 scrolls of vulnerability
 f - a scroll of fog
 k - 2 scrolls of teleportation
 r - 5 scrolls of remove curse
 z - 2 scrolls of holy word
 Q - a scroll of summoning {unknown}
 T - 7 scrolls of magic mapping
 X - 2 scrolls of silence
Potions
 a - a potion of mutation
 g - a potion of agility
 h - 5 potions of brilliance
 l - a potion of berserk rage
 p - 2 potions of might
 t - 2 potions of resistance
 H - 12 potions of lignification
 I - a potion of invisibility
 N - 2 potions of magic
 W - 4 potions of ambrosia
Miscellaneous
 n - a lamp of fire (inert)
 E - a fan of gales
 Z - a lightning rod (1/4)
Comestibles
 c - 44 rations


   Skills:
 - Level 16.1 Fighting
 - Level 20.2 Axes
   Level 2.7 Bows
 - Level 12.6 Armour
 - Level 6.4 Dodging
 - Level 5.0 Shields
 - Level 11.5 Spellcasting
 - Level 9.8 Charms
 - Level 7.7 Necromancy
 - Level 5.3 Translocations
 - Level 9.7 Air Magic
 + Level 4.9 Invocations
 - Level 5.4 Evocations


You had 10 spell levels left.
You knew the following spells:

 Your Spells              Type           Power        Failure   Level  Hunger
a - Regeneration          Chrm/Necr      ##........   12%         3    ###....
b - Borgnjor's Vile Clut  Necr/Erth      #.........   100%        5    ######.
c - Blink                 Tloc           N/A          26%         2    ##.....
d - Passage of Golubria   Tloc           N/A          86%         4    ####...
e - Deflect Missiles      Chrm/Air       ##........   99%         6    #######
f - Swiftness             Chrm/Air       ##......     4%          2    ##.....
g - Spellforged Servitor  Conj/Summ      #.........   100%        7    #######
h - Iron Shot             Conj/Erth      #.........   100%        6    #######


Dungeon Overview and Level Annotations

Branches:
Dungeon (15/15)            Temple (1/1) D:5            Lair (6/6) D:10
  Swamp (4/4) Lair:2       Spider (4/4) Lair:4        Slime (5/5) Lair:5
    Orc (2/2) D:11            Elf (1/3) Orc:2        Vaults (5/5) D:14
  Crypt (1/3) Vaults:2     Depths (2/5) D:15

Altars:
Ashenzari
Cheibriados
Dithmenos
Elyvilon
Fedhas
Hepliaklqana
Kikubaaqudgha
Makhleb
Nemelex Xobeh
Okawaru
Qazlal
Sif Muna
Trog
Uskayaw
Vehumet
Wu Jian
Zin
The Shining One
Jiyva

Shops:
D:9 [   D:13 ?   Orc:1 :   Orc:2 *?%?*   Vaults:3 *   Vaults:4 *

Portals:
Hell: Depths:1

Annotations:
D:10 Sonja
Lair:2 exclusion: oklob plant
Swamp:3 burg!


Innate Abilities, Weirdness & Mutations

You have hooves in place of feet.
Armour fits poorly on your strangely shaped body.
You cover ground very quickly.
You have extremely tough skin. (AC +3)
Your flesh is cold resistant. (rC+)
You are resistant to hostile enchantments. (MR+)
You are weak. (Str -2)


Message History

Okay, then.
Evoke which item? (* to show all) (? for menu, Esc to quit)
Okay, then.
Okay, then.
Unknown command.
* * * LOW HITPOINT WARNING * * *
You feel extremely sick.
The vault warden activates a sealing rune.
* * * LOW HITPOINT WARNING * * *
You feel extremely sick.
Okay, then.
Unknown command.
Unknown command.
Unknown command.
Unknown command.
Unknown command.
Unknown command.
There is a lethal amount of poison in your body!
Enter note: fuck Are you sure you want to abandon this character and quit the game? (Confirm with "yes".) #(#...... ##)CC#... #QeD#Oc.. #eC#CS%#e

+.Qs*{p.. #.(..#e#)
.######################.
........................
.......@s...C.C...†))C..
...........p......D))...
............D...........
.#######################
.. #. ##


You could see a golden dragon, 2 stone giants, a vault warden and a ghostly
redback.

Vanquished Creatures
  the Royal Jelly (Slime:5)
  An ancient lich (Vaults:5)
  A juggernaut (Depths:1)
  Bai Suzhen (Depths:1)
  Nikola (Depths:1)
  A golden dragon (Zig:9)
  The ghost of Cral the Eclecticist, an adept OpEE of Sif Muna (Vaults:2)
  3 liches
  A tentacled monstrosity (Vaults:5)
  An Ice Fiend (IceCv)
  4 sphinxes
  23 acid blobs
  4 thorn hunters
  A sphinx (shapeshifter) (Zig:1)
  A tengu reaver (Vaults:5)
  2 nagarajas
  3 frost giants
  A draconian knight (Zig:4)
  4 ghost moths
  8 azure jellies
  A fire giant (Vaults:5)
  5 vault wardens
  An iron dragon (Zig:2)
  2 emperor scorpions (Spider:4)
  9 ironheart preservers
  The ghost of Morteh the Bludgeoner, a journeyman DDFi of Makhleb (Slime:1)
  A deep elf elementalist (Vaults:5)
  A draconian stormcaller (Zig:4)
  12 stone giants
  An entropy weaver (shapeshifter) (Vaults:5)
  3 vampire knights
  A green draconian (Zig:4)
  9 very ugly things
  A deep elf annihilator (Vaults:5)
  An entropy weaver (Spider:4)
  A deep elf demonologist (Vaults:5)
  A red draconian (Zig:4)
  4 ettins
  A spark wasp (Spider:2)
  Snorg (D:13)
  A green death (Zig:9)
  12 death oozes (Slime:5)
  2 fire dragons
  8 yaktaur captains
  The ghost of Lokiki the Protected, a journeyman MiMo of Zin (D:12)
  34 vault guards
  11 great orbs of eyes
  4 naga warriors
  4 ice dragons
  23 hydras
  3 catoblepae (Lair:6)
  9 centaur warriors
  A catoblepas (shapeshifter) (Vaults:5)
  6 ogre magi
  23 two-headed ogres
  A dancing weapon (Vaults:5)
  4 alligators
  5 death knights
  3 deep troll shamans
  16 death yaks
  2 shock serpents (Zig:7)
  A naga sharpshooter (Zig:6)
  An orc high priest (Orc:2)
  Urug (D:12)
  Nergalle (Lair:4)
  6 spriggans
  A fire crab (shapeshifter) (Vaults:2)
  A salamander mystic (Zig:7)
  A deep elf knight (Vaults:2)
  2 iron trolls
  10 skeletal warriors
  An unseen horror (shapeshifter) (Vaults:2)
  A death drake (Zig:2)
  A naga ritualist (Zig:6)
  2 wizards
  The ghost of Kagerus the Insei, a novice OpTm of Nemelex Xobeh (D:7)
  5 unseen horrors
  2 spriggan druids
  12 swamp dragons
  10 deep trolls
  4 flayed ghosts
  Pikel (D:7)
  6 phantasmal warriors
  A shambling mangrove (Swamp:4)
  5 harpies (Vaults:4)
  4 ironbrand convokers
  2 deep elf archers
  3 necromancers
  8 orc knights
  3 manticores
  3 orc sorcerers
  A mana viper (shapeshifter) (Vaults:5)
  10 cyclopes
  4 deep elf magi
  A stone giant zombie (Vaults:2)
  A shining eye (Slime:2)
  7 orb spiders
  17 ugly things
  3 oklob plants (Zig:11)
  A fire giant zombie (Vaults:2)
  2 moths of wrath
  A frost giant skeleton (Vaults:4)
  A fire giant skeleton (Vaults:2)
  24 wolf spiders
  An ice statue (IceCv)
  The ghost of bigperm the Skirmisher, a novice MiBe of Trog (D:5)
  Psyche (D:12)
  2 naga magi
  3 human skeletons (Vaults:4)
  A guardian serpent (Zig:6)
  2 eyes of devastation (Lair:5)
  9 vault sentinels
  5 black mambas
  2 komodo dragons (Lair:4)
  10 spiny frogs
  A rime drake (Lair:4)
  31 yaktaurs
  2 efreet
  A yaktaur (shapeshifter) (Vaults:5)
  4 anaconda simulacra (IceCv)
  16 freezing wraiths
  A golden dragon simulacrum (IceCv)
  6 ice devils (IceCv)
  11 demonic crawlers
  A tengu conjurer (D:12)
  A queen bee (Lair:2)
  10 trolls
  6 polar bears
  28 jumping spiders
  23 hornets
  3 tyrant leeches
  63 slime creatures
  A harpy skeleton (D:14)
  A stone giant simulacrum (Vaults:2)
  5 hippogriffs
  6 dream sheep (Lair:6)
  3 bog bodies
  55 redbacks
  A human simulacrum (Vaults:2)
  3 wraiths
  5 shadows
  A tarantella (shapeshifter) (Vaults:3)
  4 dire elephant simulacra (IceCv)
  21 tarantellas
  A vampire (D:11)
  73 yaks
  A wyvern (D:10)
  3 basilisks
  20 humans (D:14)
  A basilisk (shapeshifter) (Vaults:2)
  Eustachio (D:5)
  A golden eye (shapeshifter) (D:14)
  A steam dragon (Zig:2)
  A golden eye (Slime:5)
  Grum (D:10)
  4 hungry ghosts (Lab)
  23 vampire mosquitoes
  Edmund (D:5)
  An iron troll simulacrum (IceCv)
  4 wargs
  2 nagas (Zig:6)
  12 swamp worms
  2 acid dragons
  4 harpy simulacra (IceCv)
  2 hydra simulacra (IceCv)
  8 water moccasins
  7 porcupines
  12 swamp drakes
  23 orc warriors
  3 ettin simulacra (IceCv)
  2 ice beasts
  A sky beast (D:8)
  6 black bears
  An eye of draining (shapeshifter) (Vaults:3)
  An alligator simulacrum (IceCv)
  A boggart (Bailey)
  6 eyes of draining
  42 ogres
  2 wolves (D:10)
  27 centaurs
  A necrophage (D:6)
  8 crocodiles
  15 bullfrogs
  A wyvern zombie (D:11)
  2 scorpions
  A wyvern skeleton (D:11)
  A water moccasin skeleton (D:4)
  28 killer bees
  A troll skeleton (Lab)
  18 wights
  An electric eel (Lair:2)
  3 howler monkeys
  4 jellies
  7 crimson imps
  A quasit (D:10)
  3 draconian simulacra (IceCv)
  20 orc wizards
  3 centaur zombies
  8 hounds
  3 bullfrog skeletons
  15 orc priests
  6 centaur skeletons
  An iron imp (Orc:1)
  Crazy Yiuf (D:7)
  Natasha (D:3)
  5 iguanas
  2 spriggan simulacra (IceCv)
  6 worker ants
  2 polar bear simulacra (IceCv)
  6 troll simulacra (IceCv)
  2 centaur simulacra (IceCv)
  A worker ant zombie (D:10)
  A howler monkey zombie (D:6)
  11 adders
  3 gnolls (Orc:2)
  An ogre simulacrum (IceCv)
  2 naga simulacra (IceCv)
  3 shadow imps
  6 white imps
  5 ufetubi (IceCv)
  An adder skeleton (D:5)
  A dart slug (D:1)
  A leopard gecko (D:4)
  94 orcs
  6 bats
  3 giant cockroaches
  5 goblins
  6 hobgoblins
  4 jackals
  7 kobolds
  3 quokkas
  6 ball pythons
  A frilled lizard (D:3)
  A jackal skeleton (D:4)
  4 rats
  A crawling corpse (Vaults:5)
  2 fungi
1473 creatures vanquished.

Vanquished Creatures (collateral kills)
  Rupert (D:12)
  An emperor scorpion (Spider:4)
  A very ugly thing (D:12)
  Nessos (Orc:2)
  A minotaur (Lab)
  A naga sharpshooter (Zig:7)
  2 orc high priests (Orc:2)
  A deep elf archer (Vaults:4)
  4 orc knights
  A black mamba (Zig:7)
  4 orb spiders
  2 orc sorcerers (Orc:2)
  An oklob plant (Zig:11)
  A salamander (Zig:7)
  4 wolf spiders
  4 shining eyes
  A demonic crawler (Spider:4)
  7 jumping spiders
  A hornet (D:12)
  A slime creature (Slime:5)
  3 tarantellas
  2 redbacks (Spider:4)
  A wraith (Vaults:4)
  5 orc warriors
  An electric eel (Spider:2)
  3 orc priests
  2 orc wizards
  2 orcs
59 creatures vanquished.

Vanquished Creatures (others)
  A war gargoyle (Vaults:5)
  A spark wasp (Spider:4)
  A spriggan druid (Swamp:4)
  A jumping spider (Spider:4)
  An orc (Orc:1)
  2 briar patches (Swamp:3)
  5 fungi (Lair:6)
  7 plants
19 creatures vanquished.

Grand Total: 1551 creatures vanquished

Notes
Turn   | Place    | Note
-------+----------+-------------------------------------------
     0 | D:1      | Lavandula the Centaur Berserker began the quest for the Orb.
     0 | D:1      | Reached XP level 1. HP: 19/19 MP: 1/1
    63 | D:1      | Reached skill level 3 in Axes
   115 | D:1      | Reached XP level 2. HP: 20/26 MP: 2/2
   235 | D:2      | Found an iron altar of Okawaru.
   236 | D:2      | Found a snail-covered altar of Cheibriados.
   242 | D:2      | Reached XP level 3. HP: 25/31 MP: 3/3
   245 | D:2      | Reached skill level 4 in Axes
   310 | D:3      | Found a shattered altar of Ashenzari.
   471 | D:3      | Reached ** piety under Trog
   478 | D:3      | Reached XP level 4. HP: 38/38 MP: 4/4
   613 | D:4      | Found a faded altar of an unknown god.
   614 | D:4      | Found a deep blue altar of Sif Muna.
   627 | D:4      | Reached skill level 5 in Axes
   627 | D:4      | Reached XP level 5. HP: 45/45 MP: 5/5
   637 | D:4      | Noticed Natasha
   659 | D:3      | Killed Natasha
   806 | D:4      | Reached skill level 6 in Axes
   841 | D:5      | Entered Level 5 of the Dungeon
   907 | D:5      | Found a staircase to the Ecumenical Temple.
   914 | D:5      | Noticed Eustachio
   924 | D:5      | Reached XP level 6. HP: 51/51 MP: 6/6
   929 | D:5      | Killed Eustachio
  1053 | D:5      | Reached skill level 7 in Axes
  1099 | D:5      | Noticed Edmund
  1107 | D:5      | Killed Edmund
  1107 | D:5      | Reached XP level 7. HP: 57/57 MP: 5/7
  1163 | D:5      | Noticed bigperm's ghost (novice MiBe)
  1180 | D:5      | Killed bigperm's ghost
  1180 | D:5      | Reached skill level 8 in Axes
  1291 | D:6      | Reached XP level 8. HP: 66/66 MP: 5/8
  1406 | D:6      | Reached skill level 9 in Axes
  1529 | D:6      | Reached skill level 10 in Axes
  1601 | D:7      | Reached *** piety under Trog
  1804 | D:7      | Found a runed door.
  1808 | D:7      | Noticed Crazy Yiuf
  1811 | D:7      | Killed Crazy Yiuf
  1811 | D:7      | Reached XP level 9. HP: 71/71 MP: 9/9
  1930 | D:7      | Reached skill level 11 in Axes
  1956 | D:7      | Noticed Pikel
  2027 | D:7      | Killed Pikel
  2036 | D:7      | Noticed Kagerus's ghost (novice OpTm)
  2112 | D:7      | Reached skill level 12 in Axes
  2235 | D:8      | Found a blossoming altar of Fedhas.
  2347 | D:9      | Got a colourful robe
  2522 | D:9      | Reached XP level 10. HP: 79/79 MP: 10/10
  2681 | D:8      | Reached skill level 13 in Axes
  2794 | D:9      | Found Labas's Armour Shoppe.
  2801 | D:9      | Reached **** piety under Trog
  2967 | D:10     | Entered Level 10 of the Dungeon
  3089 | D:10     | Found a staircase to the Lair.
  3116 | D:10     | Reached skill level 14 in Axes
  3128 | D:10     | Noticed Grum
  3375 | D:10     | Found a flagged portal.
  3400 | Bailey   | Entered a bailey
  3598 | Bailey   | Reached skill level 1 in Bows
  3903 | Bailey   | Reached ***** piety under Trog
  3911 | Bailey   | Reached skill level 1 in Evocations
  3940 | Bailey   | Found a roughly hewn altar of Beogh.
  3940 | Bailey   | Noticed an orc knight
  3985 | Bailey   | Killed an orc knight
  3985 | Bailey   | Reached XP level 11. HP: 84/84 MP: 12/12
  4185 | D:10     | Killed Grum
  4291 | D:10     | Reached skill level 5 in Fighting
  4516 | D:10     | Noticed Sonja
  4709 | D:11     | Received a gift from Trog
  4878 | D:11     | Noticed a two-headed ogre
  4880 | D:11     | Noticed a wizard
  4887 | D:11     | Killed a two-headed ogre
  4891 | D:11     | Killed a wizard
  4894 | D:11     | Reached skill level 15 in Axes
  5035 | D:11     | Found a staircase to the Orcish Mines.
  5050 | Orc:1    | Entered Level 1 of the Orcish Mines
  5131 | Orc:1    | Noticed an orc sorcerer
  5142 | Orc:1    | Killed an orc sorcerer
  5147 | Orc:1    | Noticed an orc knight
  5233 | D:12     | Noticed Urug
  5240 | D:12     | Noticed a cyan very ugly thing
  5247 | D:12     | Killed a cyan very ugly thing
  5247 | D:12     | Reached XP level 12. HP: 19/97 MP: 4/14
  5299 | D:12     | Noticed a four-headed hydra
  5391 | D:12     | Killed a seven-headed hydra
  5562 | D:12     | Noticed a catoblepas
  5606 | D:12     | Noticed Psyche
  5611 | D:12     | Killed Psyche
  6013 | D:12     | Reached skill level 16 in Axes
  6056 | D:12     | Noticed Rupert
  6090 | D:12     | Killed Rupert
  6188 | D:12     | Noticed a centaur warrior
  6201 | D:12     | Killed a centaur warrior
  6235 | D:12     | Killed Urug
  6523 | Orc:1    | Received a gift from Trog
  6606 | Orc:1    | Reached skill level 17 in Axes
  7020 | Orc:2    | Entered Level 2 of the Orcish Mines
  7020 | Orc:2    | Found a radiant altar of Vehumet.
  7050 | Orc:2    | Found Leliuxal's Assorted Antiques.
  7064 | Orc:2    | Bought a scroll labeled HYEFISCH UNEST for 28 gold pieces
  7181 | Orc:2    | Reached XP level 13. HP: 95/104 MP: 15/15
  7309 | Orc:2    | Found Ecowyts's Food Shop.
  7309 | Orc:2    | Found Nuenk's Magic Scroll Shoppe.
  7316 | Orc:2    | Found Qageroys's Assorted Antiques.
  7316 | Orc:2    | Found Atadyne's Magic Scroll Shoppe.
  7327 | Orc:2    | Bought a scroll of remove curse for 45 gold pieces
  7381 | Orc:2    | Identified the +2 robe "Upniopt" {Str+2} (You found it on level 9 of the Dungeon)
  7394 | Orc:2    | Bought a scroll of acquirement for 728 gold pieces
  7446 | Orc:2    | :(
  7446 | Orc:2    | Bought an encrusted wooden wand for 132 gold pieces
  7446 | Orc:2    | Bought a sedimented puce potion for 29 gold pieces
  7467 | Orc:2    | Noticed Nessos
  7492 | Orc:2    | Killed Nessos
  7591 | Orc:2    | Found a staircase to the Elven Halls.
  7609 | Elf:1    | Entered Level 1 of the Elven Halls
  7636 | Orc:2    | Reached skill level 18 in Axes
  7694 | Orc:2    | Bought a scroll of noise for 14 gold pieces
  7702 | Orc:2    | Bought a large wooden ring for 165 gold pieces
  7740 | Orc:1    | Found Taoplixa's Book Shoppe.
  7795 | Lair:1   | Entered Level 1 of the Lair of Beasts
  8017 | Lair:1   | Found a labyrinth entrance.
  8026 | Lab      | Entered a labyrinth
  8435 | Lab      | Noticed a minotaur
  8442 | Lab      | Killed a minotaur
  8446 | Lab      | Got a crystal falchion {flame}
  8451 | Lab      | Found the +6 shillelagh "Devastator" {shatter}
  8543 | Lair:2   | Found a staircase to the Swamp.
  8781 | Lair:5   | Found a staircase to the Slime Pits.
  8837 | Lair:6   | Entered Level 6 of the Lair of Beasts
  9524 | Lair:6   | Reached XP level 14. HP: 111/111 MP: 16/16
  9620 | Lair:6   | Received a gift from Trog
  9620 | Lair:6   | Reached skill level 5 in Armour
  9750 | Lair:6   | Got an ichor-stained shortbow
  9751 | Lair:6   | Identified the +4 shortbow "Ticysit" {freeze, rN+ Dex+7} (You found it on level 6 of the Lair of Beasts)
  9974 | Swamp:1  | Entered Level 1 of the Swamp
 10396 | Swamp:1  | Reached skill level 10 in Fighting
 10658 | Swamp:2  | Received a gift from Trog
 10883 | Swamp:3  | Noticed a thorn hunter
 10898 | Swamp:3  | Killed a thorn hunter
 10999 | Swamp:4  | Entered Level 4 of the Swamp
 10999 | Swamp:4  | Noticed a thorn hunter
 11004 | Swamp:4  | Killed a thorn hunter
 11132 | Swamp:4  | Noticed a thorn hunter
 11144 | Swamp:4  | Killed a thorn hunter
 11291 | Swamp:4  | Reached skill level 15 in Fighting
 11399 | Swamp:4  | Reached XP level 15. HP: 50/141 MP: 9/17
 11634 | Swamp:4  | Reached skill level 19 in Axes
 11771 | Swamp:4  | Got a decaying rune of Zot
 11772 | Swamp:4  | Gained mutation: You are frail. (-10% HP) [potion of mutation]
 11772 | Swamp:4  | Gained mutation: You are partially covered in rugged brown scales. (AC +1, +3% HP) [potion of mutation]
 12002 | Lair:1   | Lost mutation: You are frail. (-10% HP) [potion of mutation]
 12002 | Lair:1   | Lost mutation: You are partially covered in rugged brown scales. (AC +1, +3% HP) [potion of mutation]
 12002 | Lair:1   | Gained mutation: You occasionally shout uncontrollably at your foes. [potion of mutation]
 12002 | Lair:1   | Gained mutation: You are resistant to hostile enchantments. (MR+) [potion of mutation]
 12265 | Lair:4   | Noticed Nergalle
 12280 | Lair:4   | Killed Nergalle
 13149 | Lair:4   | Found a hole to the Spider Nest.
 13187 | Spider:1 | Entered Level 1 of the Spider Nest
 13254 | Spider:1 | Reached skill level 20 in Axes
 13293 | Spider:2 | Noticed a ghost moth
 13303 | Spider:2 | Killed a ghost moth
 13471 | Spider:2 | Found a frozen archway.
 13478 | IceCv    | Entered an ice cave
 13510 | IceCv    | Received a gift from Trog
 13771 | IceCv    | Identified the +16 plate armour "Astroig" {rF+ rCorr Int-3} (You found it in an ice cave)
 13990 | IceCv    | Noticed an Ice Fiend
 13997 | IceCv    | Reached skill level 5 in Dodging
 14031 | IceCv    | Killed an Ice Fiend
 14287 | IceCv    | Found the fabulously ornate robe
 14295 | IceCv    | Got a pair of encrusted boots
 14302 | IceCv    | Got a fabulously ornate robe
 14313 | IceCv    | Identified the cursed -5 robe of Misfortune {-Cast *Contam *Tele *Drain EV-5 Stlth-- *Curse} (You found it in an ice cave)
 14342 | Spider:2 | Received a gift from Trog
 14612 | Spider:3 | Reached XP level 16. HP: 149/149 MP: 10/18
 14997 | Spider:3 | Received a gift from Trog
 15012 | Spider:4 | Entered Level 4 of the Spider Nest
 15472 | Spider:4 | Reached ****** piety under Trog
 15719 | Spider:4 | Received a gift from Trog
 16120 | Spider:4 | Reached skill level 5 in Evocations
 16681 | Spider:4 | Got a gossamer rune of Zot
 16840 | Spider:3 | Received a gift from Trog
 17103 | Orc:2    | Bought a scroll of enchant weapon for 112 gold pieces
 17103 | Orc:2    | Bought a scroll of blinking for 112 gold pieces
 17103 | Orc:2    | Bought a scroll of teleportation for 45 gold pieces
 17103 | Orc:2    | Bought a scroll of teleportation for 45 gold pieces
 17104 | Orc:2    | Bought a scroll of enchant armour for 112 gold pieces
 17104 | Orc:2    | Bought a scroll of enchant armour for 112 gold pieces
 17108 | Orc:2    | Bought a scroll of vulnerability for 105 gold pieces
 17275 | Temple   | Entered the Ecumenical Temple
 17461 | Temple   | Fell from the grace of Trog
 17461 | Temple   | Became a worshipper of Makhleb the Destroyer
 17467 | Temple   | Learned a level 3 spell: Regeneration
 17477 | Temple   | Learned a level 5 spell: Borgnjor's Vile Clutch
 17573 | D:7      | Killed Kagerus's ghost
 17633 | Lair:1   | Learned a level 2 spell: Blink
 17638 | Lair:1   | Learned a level 4 spell: Passage of Golubria
 17691 | D:12     | Noticed Lokiki's ghost (journeyman MiMo)
 17704 | D:12     | Killed Lokiki's ghost
 17805 | D:14     | Reached * piety under Makhleb
 17844 | D:14     | Reached skill level 10 in Armour
 17943 | D:14     | Reached skill level 1 in Invocations
 18008 | D:13     | Reached XP level 17. HP: 135/156 MP: 16/21
 18044 | D:13     | Found Loofuirosy's Magic Scroll Shop.
 18057 | D:13     | Bought a scroll of immolation for 49 gold pieces
 18057 | D:13     | Bought a scroll of fear for 49 gold pieces
 18057 | D:13     | Bought a scroll of enchant armour for 105 gold pieces
 18083 | D:13     | Noticed Snorg
 18098 | D:13     | Killed Snorg
 18098 | D:13     | Reached skill level 1 in Spellcasting
 18134 | D:13     | Reached ** piety under Makhleb
 18760 | D:14     | Reached *** piety under Makhleb
 18792 | D:14     | Found a gate to the Vaults.
 18824 | Vaults:1 | Entered Level 1 of the Vaults
 18837 | Vaults:1 | Reached skill level 5 in Spellcasting
 19014 | Vaults:1 | Reached **** piety under Makhleb
 19067 | Vaults:1 | Got an ancient war axe
 19068 | Vaults:1 | Identified the +9 war axe of Earthquakes {flame, *Rage rElec rC+ rN++} (You found it on level 1 of the Vaults)
 19095 | Vaults:2 | Noticed Cral's ghost (adept OpEE)
 19199 | Vaults:3 | Paralysed by a hornet for 3 turns
 19425 | Vaults:2 | Reached ***** piety under Makhleb
 19620 | Vaults:2 | Reached skill level 1 in Translocations
 19702 | Vaults:2 | Killed Cral's ghost
 19864 | Vaults:2 | Found a staircase to the Crypt.
 19896 | Vaults:2 | Identified the +5 battleaxe of Egomania {chop, Str+2 SInv} (You found it on level 2 of the Vaults)
 20047 | Crypt:1  | Entered Level 1 of the Crypt
 20065 | Vaults:2 | Reached skill level 5 in Translocations
 20065 | Vaults:2 | Reached XP level 18. HP: 143/165 MP: 22/30
 20301 | Vaults:3 | Found Zelozaydi's General Store.
 20312 | Vaults:3 | Bought a scroll of immolation for 49 gold pieces
 20766 | Vaults:4 | Gained mutation: Scrolls take you a little longer to read. [a neqoxec]
 21247 | Vaults:4 | Found Tuyk's General Store.
 21255 | Vaults:4 | Bought a scroll of holy word for 135 gold pieces
 21255 | Vaults:4 | Bought a scroll of teleportation for 54 gold pieces
 21526 | Vaults:3 | Noticed a lich
 21535 | Vaults:3 | Killed a lich
 21572 | Vaults:3 | Reached ****** piety under Makhleb
 21856 | Vaults:3 | Reached skill level 1 in Charms
 21856 | Vaults:3 | Reached skill level 1 in Necromancy
 22001 | D:15     | Entered Level 15 of the Dungeon
 22177 | D:15     | Found a staircase to the Depths.
 22205 | Depths:1 | Entered Level 1 of the Depths
 22205 | Depths:1 | Found a gateway to Hell.
 22273 | Depths:2 | Found a gateway to a ziggurat.
 22306 | Depths:1 | Reached XP level 19. HP: 140/172 MP: 17/32
 22460 | Depths:1 | Noticed Bai Suzhen
 22565 | Zig:1    | Entered Level 1 of a ziggurat
 22591 | Zig:2    | Entered Level 2 of a ziggurat
 22641 | Zig:3    | Entered Level 3 of a ziggurat
 22644 | Zig:3    | Noticed a lich
 22660 | Zig:3    | Killed a lich
 22715 | Zig:4    | Entered Level 4 of a ziggurat
 22745 | Zig:4    | Reached skill level 5 in Charms
 22745 | Zig:4    | Reached skill level 5 in Necromancy
 22745 | Zig:4    | Reached XP level 20. HP: 180/180 MP: 33/33
 22769 | Zig:5    | Entered Level 5 of a ziggurat
 22827 | Zig:6    | Entered Level 6 of a ziggurat
 22899 | Zig:6    | Identified the +4 plate armour of the Earth {rPois} (You found it on level 6 of a ziggurat)
 22904 | Zig:6    | Reached XP level 21. HP: 73/187 MP: 18/34
 23021 | Zig:7    | Entered Level 7 of a ziggurat
 23078 | Zig:7    | Got a warped demon whip
 23079 | Zig:7    | Identified the cursed +1 demon whip "Sehaib" {slash, Int+3} (You found it on level 7 of a ziggurat)
 23089 | Zig:7    | Got a scorched ring mail
 23100 | Zig:7    | Identified the +1 ring mail of Lethargy {*Corrode rF+ rC+ rN+ SInv} (You found it on level 7 of a ziggurat)
 23118 | Zig:8    | Entered Level 8 of a ziggurat
 23146 | Zig:8    | Identified Sif Muna's Collected Works on Lucky Dark Magic
 23150 | Zig:9    | Entered Level 9 of a ziggurat
 23158 | Zig:9    | Learned a level 6 spell: Deflect Missiles
 23176 | Zig:9    | Noticed a golden dragon
 23185 | Zig:9    | Reached skill level 1 in Air Magic
 23212 | Zig:9    | Killed a golden dragon
 23226 | Zig:9    | Learned a level 2 spell: Swiftness
 23265 | Zig:10   | Entered Level 10 of a ziggurat
 23277 | Zig:10   | Noticed Orhuliuz the pandemonium lord
 23281 | Zig:11   | Entered Level 11 of a ziggurat
 23473 | Zig:11   | Reached skill level 1 in Shields
 23512 | Zig:11   | Noticed Pugos the pandemonium lord
 23659 | Depths:1 | Killed Bai Suzhen
 23669 | Depths:1 | Noticed Nikola
 23679 | Depths:1 | Killed Nikola
 23758 | Depths:1 | Found a blossoming altar of Fedhas.
 23866 | Depths:1 | Reached skill level 5 in Shields
 23914 | Depths:1 | Noticed a juggernaut
 23998 | Depths:1 | Killed a juggernaut
 24148 | D:12     | Reached skill level 5 in Air Magic
 24315 | Slime:1  | Entered Level 1 of the Pits of Slime
 24430 | Slime:1  | Noticed Morteh's ghost (journeyman DDFi)
 24564 | Slime:1  | Killed Morteh's ghost
 24592 | Slime:2  | Reached XP level 22. HP: 190/190 MP: 19/35
 24730 | Slime:4  | Gained mutation: Scrolls take you longer to read. [a shining eye]
 24752 | Slime:5  | Entered Level 5 of the Pits of Slime
 24838 | Slime:5  | Gained mutation: Your body sometimes deteriorates upon taking damage. [a shining eye]
 24978 | Slime:5  | Found a viscous altar of Jiyva.
 24980 | Slime:5  | Noticed the Royal Jelly
 25194 | Slime:5  | Killed the Royal Jelly
 25427 | Slime:5  | Identified the Collected Works on Snow
 25450 | Slime:5  | Got a translucent chain mail
 25461 | Slime:5  | Identified the cursed +0 chain mail of Kiyhy {rCorr} (You found it on level 5 of the Pits of Slime)
 25479 | Slime:5  | Got a slimy rune of Zot
 25641 | Lair:1   | Learned a level 7 spell: Spellforged Servitor
 25648 | Lair:1   | Learned a level 6 spell: Iron Shot
 25648 | Lair:1   | Lost mutation: Scrolls take you longer to read. [potion of mutation]
 25648 | Lair:1   | Lost mutation: You occasionally shout uncontrollably at your foes. [potion of mutation]
 25648 | Lair:1   | Lost mutation: Your body sometimes deteriorates upon taking damage. [potion of mutation]
 25648 | Lair:1   | Lost mutation: Scrolls take you a little longer to read. [potion of mutation]
 25648 | Lair:1   | Gained mutation: You are weak. (Str -2) [potion of mutation]
 25648 | Lair:1   | Gained mutation: Your flesh is cold resistant. (rC+) [potion of mutation]
 25984 | Vaults:5 | Entered Level 5 of the Vaults
 25992 | Vaults:5 | Reached skill level 10 in Spellcasting
 26056 | Vaults:5 | Noticed a golden dragon
 26086 | Vaults:5 | Found the +2 Maxwell's thermic engine {flame, freeze, rF- rC-}
 26197 | Vaults:5 | Reached XP level 23. HP: 125/198 MP: 22/38
 26275 | Vaults:5 | Noticed an ancient lich
 26290 | Vaults:5 | Killed an ancient lich
 26370 | Vaults:5 | HP: 9/202 [poisoned by an entropy weaver]
 26371 | Vaults:5 | HP: 2/202 [poisoned by an entropy weaver]
 26372 | Vaults:5 | fuck
 26372 | Vaults:5 | Quit the game

Skill      XL: |  1  2  3  4  5  6  7  8  9 10 11 12 13 14 15 16 17 18 19 20 21 22 |
---------------+-------------------------------------------------------------------+-----
Axes           | 3 4 5 6 7 8 10 12 14 15 17 18 20 | 20.2
Fighting       | 4 6 15 16 | 16.1
Bows           | 2 |  2.7
Evocations     | 2 3 5 |  5.4
Dodging        | 3 6 |  6.4
Armour         | 4 5 10 11 12 | 12.6
Invocations    | 2 4 |  4.9
Spellcasting   | 8 9 11 | 11.5
Translocations | 5 |  5.3
Charms         | 3 5 7 8 9 |  9.8
Necromancy     | 3 5 7 |  7.7
Air Magic      | 7 9 |  9.7
Shields        | 5 |  5.0

Action                   |  1- 3 |  4- 6 |  7- 9 | 10-12 | 13-15 | 16-18 | 19-21 | 22-24 || total
-------------------------+-------+-------+-------+-------+-------+-------+-------+-------++-------
Melee: Hand axe          |    66 |    58 |       |       |       |       |       |       ||   124
       Kick              |    15 |    17 |    50 |   152 |   260 |   465 |   149 |   153 ||  1261
       War axe           |       |     4 |   188 |    47 |       |    39 |   351 |   340 ||   969
       Broad axe         |       |       |       |   477 |       |       |       |       ||   477
       Battleaxe         |       |       |       |       |   539 |  1215 |    22 |       ||  1776
       Shillelagh        |       |       |       |       |   255 |    80 |       |       ||   335
 Fire: Shortbow          |       |       |       |    59 |    14 |       |       |       ||    73
 Cast: Blink             |       |       |       |       |       |     2 |     3 |     9 ||    14
       Regeneration      |       |       |       |       |       |       |     4 |     1 ||     5
       Deflect Missiles  |       |       |       |       |       |       |     3 |     5 ||     8
Invok: Berserk           |     2 |     4 |    11 |    35 |    31 |     9 |       |       ||    92
       Trog's Hand       |       |       |     1 |     2 |     6 |     7 |       |       ||    16
       Brothers in Arms  |       |       |       |     5 |     8 |     6 |       |       ||    19
       Lesser Servant of |       |       |       |       |       |     5 |     7 |     4 ||    16
       Greater Servant o |       |       |       |       |       |       |     2 |     2 ||     4
       Minor Destruction |       |       |       |       |       |       |       |     3 ||     3
       Major Destruction |       |       |       |       |       |       |       |     2 ||     2
Evoke: Wand              |       |       |       |    12 |    33 |    22 |     6 |     1 ||    74
       Fan of gales      |       |       |       |       |     1 |     2 |     1 |       ||     4
       Lamp of fire      |       |       |       |       |       |       |     2 |     3 ||     5
       Lightning rod     |       |       |       |       |       |       |     8 |     7 ||    15
  Use: Potion            |       |     1 |       |       |     8 |     9 |    10 |    15 ||    43
       Scroll            |       |     3 |     1 |    12 |    26 |    15 |    14 |    17 ||    88
 Stab: Distracted        |       |       |     1 |     2 |       |     3 |     3 |       ||     9
       Sleeping          |       |       |     1 |       |       |       |       |       ||     1
       Petrified         |       |       |       |       |     4 |       |       |       ||     4
       Paralysed         |       |       |       |       |     2 |     4 |       |       ||     6
       Held in net/web   |       |       |       |       |       |     5 |       |       ||     5
       Confused          |       |       |       |       |       |     2 |       |       ||     2
       Invisible         |       |       |       |       |       |     1 |       |     1 ||     2
  Eat: Ration            |       |     1 |       |     4 |    10 |     6 |     2 |     2 ||    25
       Chunk             |       |     1 |    13 |    35 |    26 |    17 |     3 |     2 ||    97
Armor: Animal skin       |    19 |       |       |       |       |       |       |       ||    19
       Leather armour    |     6 |    80 |    72 |     8 |       |       |       |       ||   166
       Ring mail         |       |       |       |   117 |    54 |       |       |       ||   171
       Scale mail        |       |       |       |       |   436 |   253 |       |       ||   689
       Skin              |       |       |       |       |    25 |    83 |       |       ||   108
       Swamp dragon scal |       |       |       |       |     1 |       |       |       ||     1
       Plate armour      |       |       |       |       |     9 |   916 |   434 |   387 ||  1746
Dodge: Dodged            |    36 |    68 |   102 |   185 |   233 |   456 |   129 |   107 ||  1316
       Deflected         |       |       |       |       |       |       |     5 |    17 ||    22
Block: Buckler           |       |       |       |       |       |       |    23 |    80 ||   103
